 Dungeon Crawl Stone Soup version 0.25-a0-661-g55ea3d2053 (webtiles) character file.

Game seed: 6299784106829640972, levelgen mode: deterministic

170 An17 the Gusty (level 5, -3/39 HPs)
             Began as a Demigod Air Elementalist on Mar 23, 2020.
             Asphyxiated
             ... on level 3 of the Dungeon.
             The game lasted 00:09:25 (1506 turns).

An17 the Gusty (Demigod Air Elementalist)           Turns: 1506, Time: 00:09:26

Health: -3/39      AC:  3    Str: 11    XL:     5   Next: 5%
Magic:  10/12      EV: 12    Int: 21    God:
Gold:   41         SH:  0    Dex: 16    Spells: 3/9 levels left

rFire    . . .     SeeInvis .   d - +1 dagger
rCold    . . .     Gourm    .   (no shield)
rNeg     . . .     Faith    .   a - +0 leather armour
rPois    .         Spirit   .   (no helmet)
rElec    .         Reflect  .   (no cloak)
rCorr    .         Harm     .   (no gloves)
MR       .....                  (no boots)
Stlth    ++........             (no amulet)
HPRegen  0.13/turn              (no ring)
MPRegen  0.13/turn              (no ring)

@: lethally poisoned (-3 -> -13), slowed, very slow
A: high mp 1
a: no special abilities


You were on level 3 of the Dungeon.
You were not hungry.

You visited 1 branch of the dungeon, and saw 3 of its levels.

You collected 41 gold pieces.

Inventory:

Hand Weapons
 d - a +1 dagger (weapon)
Missiles
 k - 6 boomerangs (quivered)
Armour
 a - a +0 leather armour (worn)
 i - a +3 ring mail of fire resistance
Scrolls
 g - a scroll of remove curse
Potions
 b - a potion of stabbing
 e - a potion of lignification
 f - a potion of haste
 j - a potion of heal wounds {unknown}
 l - a potion of cancellation {unknown}
 m - a potion of mutation {unknown}
Comestibles
 c - 4 rations


   Skills:
 + Level 0.5 Fighting
 + Level 0.1 Short Blades
 + Level 2.3 Dodging
 - Level 1.7 Stealth
 + Level 2.9 Spellcasting
 + Level 1.9 Conjurations
 + Level 3.9 Air Magic


You had 3 spell levels left.
You knew the following spells:

 Your Spells              Type           Power        Failure   Level  Hunger
a - Shock                 Conj/Air       ###.         5%          1    None
b - Swiftness             Chrm/Air       ##......     12%         2    ##.....
c - Static Discharge      Conj/Air       ###.....     16%         3    ###....

Your spell library contained the following spells:

 Spells                   Type           Power        Failure   Level  Hunger
 Airstrike                Air            ###.......   34%         4    ####...
 Lightning Bolt           Conj/Air       ###.......   82%         5    ######.


Dungeon Overview and Level Annotations

Branches:
Dungeon (3/15)


Innate Abilities, Weirdness & Mutations

You have an increased reservoir of magic. (+10% MP)


Message History

The curare-tipped dart closely misses you.
Casting: Shock (safe; 5% risk of failure)
Confirm with . or Enter, or press ? or * to list all spells.
Aiming: Shock (safe; 5% risk of failure)
Press: ? - help, Shift-Dir - straight line, f/p - kobold
Aim: a kobold, wielding a +0 dagger and quivering 4 curare-tipped darts The zap hits the kobold.
The kobold is moderately wounded.
* * * LOW HITPOINT WARNING * * *
You feel sick.
The kobold throws a curare-tipped dart.
The curare-tipped dart hits you.
You are more poisoned.
You have difficulty breathing.
* * * LOW HITPOINT WARNING * * *
You feel as though you will be slow longer.
You feel better.
The kobold throws a curare-tipped dart.
The curare-tipped dart hits you.
You are lethally poisoned!
You have difficulty breathing.
You die...

#.#.# #.#.#
#.#.# #.#.#
## #.#.# .
#.#.#.#
#K#.#.#.###
#.(........
+..#@#.#.##
####.# ...
#..#.
#..#.# #..#
# #..# #...


You could see a kobold.

Vanquished Creatures
  Natasha (thrice) (D:2)
  Terence (D:2)
  2 adders (D:2)
  An ooze (D:1)
  A worm (D:2)
  4 leopard geckos
  An orc (D:2)
  A ball python (D:1)
  2 bats (D:1)
  3 giant cockroaches (D:2)
  2 goblins (D:1)
  7 hobgoblins
  5 jackals
  5 frilled lizards
  4 kobolds
  4 rats
46 creatures vanquished.

Notes
Turn   | Place    | Note
-------+----------+-------------------------------------------
     0 | D:1      | An17 the Demigod Air Elementalist began the quest for the
                  | Orb.
     0 | D:1      | Reached XP level 1. HP: 14/14 MP: 5/5
   127 | D:1      | Reached skill level 3 in Air Magic
   142 | D:1      | Reached XP level 2. HP: 18/20 MP: 0/7
   604 | D:2      | Reached skill level 1 in Conjurations
   604 | D:2      | Reached XP level 3. HP: 21/26 MP: 1/8
   645 | D:2      | Learned a level 2 spell: Swiftness
   649 | D:2      | Learned a level 3 spell: Static Discharge
   856 | D:2      | Noticed Terence
   885 | D:2      | Killed Terence
  1022 | D:2      | Noticed Natasha
  1030 | D:2      | Killed Natasha
  1030 | D:2      | Reached XP level 4. HP: 29/34 MP: 3/10
  1178 | D:2      | Noticed Natasha
  1186 | D:2      | Killed Natasha
  1381 | D:2      | Noticed Natasha
  1390 | D:2      | Killed Natasha
  1390 | D:2      | Reached XP level 5. HP: 12/39 MP: 4/12
  1505 | D:3      | HP: 1/39 [asphyx]
  1506 | D:3      | Asphyxiated

Levels and vault maps discovered:
D:1:      minmay_arrival_hallway, layout_loops_cross
D:2:      layout_basic, first_ration, uniq_terence, uniq_natasha
D:3:      layout_basic, corner_web_ring, hangedman_decor_points

Skill      XL: |  1  2 |
---------------+-------+-----
Air Magic      | 3 |  3.9
Spellcasting   | 2 |  2.9
Dodging        | 2 |  2.3
Conjurations   | 1 |  1.9
Fighting       | |  0.5
Short Blades   | |  0.1
Stealth        | |  1.7

Action                   |  1- 3 |  4- 6 || total
-------------------------+-------+-------++-------
Melee: Unarmed           |     5 |       ||     5
       Dagger            |    34 |    11 ||    45
 Cast: Shock             |    58 |    27 ||    85
       Static Discharge  |     1 |     1 ||     2
  Use: Scroll            |     4 |     4 ||     8
       Potion            |       |     1 ||     1
 Stab: Sleeping          |     1 |       ||     1
  Eat: Ration            |       |     1 ||     1
Armor: Robe              |     3 |       ||     3
       Leather armour    |       |     6 ||     6
Dodge: Dodged            |    34 |     9 ||    43

Table legend:
 A = Non-vault XP
 B = Vault XP
 C = Vault XP percentage of total XP
 D = Non-vault monster count
 E = Vault monster count
 F = Vault count percentage of total count
                 A         B        C        D         E       F
            +---------+---------+-------+---------+---------+-------
      Total |     177 |      67 |  27.5 |      44 |       2 |   4.3
            +---------+---------+-------+---------+---------+-------
        D:1 |      37 |       0 |   0.0 |      18 |       0 |   0.0
        D:2 |     140 |      67 |  32.4 |      26 |       2 |   7.1
            +---------+---------+-------+---------+---------+-------
